 Dungeon Sprint DCSS version 0.17-a0-1324-ga541562 (webtiles) character file.

925 Kidiri the Covert (level 7, -1/32 HPs)
             Began as a Spriggan Enchanter on June 10, 2015.
             Was a Believer of Dithmenos.
             Slain by a killer bee (7 damage)
             ... in the Dungeon (Sprint IX: "|||||||||||||||||||||||||||||").
             The game lasted 00:06:32 (1122 turns).

Kidiri the Covert (Spriggan Enchanter)              Turns: 1122, Time: 00:06:32

Health: -1/32      AC:  4    Str:  4    XL:     7   Next: 84%
Magic:  9/20       EV: 29    Int: 20    God:    Dithmenos [**....]
Gold:   0          SH:  0    Dex: 21    Spells: 5 memorised, 12 levels left

rFire  . . .     SeeInvis +     n - +2 rapier (distort)
rCold  . . .     Clarity  .     b - +1 robe
rNeg   . . .     SustAt   .     (shield restricted)
rPois  .         Gourm    .     (helmet restricted)
rElec  .         Spirit   .     o - +0 cloak
rCorr  .         Warding  .     (gloves unavailable)
rMut   .         NoTele   +     (boots unavailable)
MR     +....                    (no amulet)
Stlth  ++++++++..               q - +3 ring of dexterity
                                p - +3 ring of intelligence

@: wreathed by umbra, very quick, somewhat resistant to hostile enchantments,
extraordinarily stealthy
A: unfitting armour, see invisible, herbivore 3, speed 3, slow metabolism 2
a: Shadow Step, Renounce Religion


You were in the Dungeon.
You worshipped Dithmenos.
Dithmenos was pleased with you.
You were not hungry.

You visited 1 branch

Inventory:

Hand weapons
 a - a +1 dagger
 n - a +2 rapier of distortion (weapon)
Armour
 b - a +1 robe (worn)
 o - a +0 cloak (worn)
Jewellery
 p - a +3 ring of intelligence (left hand)
 q - a +3 ring of dexterity (right hand)
Magical devices
 m - a wand of draining (7)
Scrolls
 j - 2 scrolls of blinking
 k - 3 scrolls of remove curse
 l - 2 scrolls of amnesia
Potions
 e - a potion of invisibility
 f - 3 potions of heal wounds
 g - 4 potions of curing
 h - 4 potions of magic
 i - a potion of berserk rage
Books
 c - a book of Maledictions

   Spells                             Type                      Level
   a - Corona                         Hexes                        1
   b - Ensorcelled Hibernation        Hexes/Ice                    2
   c - Confuse                        Hexes                        3
   d - Tukima's Dance                 Hexes                        3
   e - Dazzling Spray                 Conjuration/Hexes            3
Comestibles
 d - a bread ration


   Skills:
 * Level 8.1 Short Blades
 * Level 10.7 Dodging
 * Level 11.9 Stealth
 * Level 9.2 Spellcasting
 + Level 3.2 Conjurations
 + Level 7.3 Hexes
 + Level 3.9 Ice Magic
 + Level 2.6 Invocations


You had 12 spell levels left.
You knew the following spells:

 Your Spells              Type           Power        Failure   Level  Hunger
a - Corona                Hex            #####..      1%          1    None
b - Ensorcelled Hibernat  Hex/Ice        ####..       1%          2    None
c - Confuse               Hex            #####...     1%          3    None
d - Tukima's Dance        Hex            #####...     1%          3    None
e - Dazzling Spray        Conj/Hex       ####....     2%          3    None


Dungeon Overview and Level Annotations

Branches:
Dungeon (1/1)

Altars:
Cheibriados
Dithmenos
Elyvilon
Fedhas
Gozag
Kikubaaqudgha
Makhleb
Nemelex Xobeh
Okawaru
Qazlal
Ru
Sif Muna
Trog
Vehumet
Xom
Yredelemnul
Zin
The Shining One
Beogh
Jiyva
Lugonu


Innate Abilities, Weirdness & Mutations

You are tiny and cannot use many weapons and most armour.
You have supernaturally acute eyesight.
You are a herbivore.
You cover ground extremely quickly.
You need consume almost no food.


Message History

The killer bee misses you.
The killer bee stings you but does no damage.
You miss the killer bee.
The killer bee is almost dead.
The killer bee stings you.
* * * LOW HITPOINT WARNING * * *
You miss the killer bee.
The killer bee is almost dead.
The killer bee completely misses you. x2
You barely miss the killer bee.
The killer bee is almost dead.
The killer bee completely misses you.
The crimson imp blinks!
The killer bee completely misses you.
You miss the killer bee.
The killer bee is almost dead.
The killer bee barely misses you.
You miss the killer bee.
The killer bee is almost dead.
The killer bee misses you. The killer bee stings you!
You die...

▓_▓
▓_▓
▓_▓
▓_▓
▓_▓
▓_▓
▓_▓
▓_▓
▓@▓
▓y▓
▓W▓
▓u▓
▓a▓
▓5▓
▓[▓
▓.▓
▓[▓


You could see a green ugly thing, a hungry ghost, a soldier ant, a killer bee
and a crimson imp.

Vanquished Creatures
  A hill giant (D)
  A troll (D)
  A centaur (D)
  An ogre (D)
  A crimson imp (D)
  An orc wizard (D)
  2 oozes (D)
  A giant gecko (D)
  An orc (D)
  A goblin (D)
  A hobgoblin (D)
  A giant newt (D)
  3 rats (D)
16 creatures vanquished.

Notes
Turn   | Place    | Note
--------------------------------------------------------------
     0 | D        | Kidiri the Spriggan Enchanter began the quest for the Orb.
     0 | D        | Reached XP level 1. HP: 9/9 MP: 5/5
    17 | D        | Reached skill level 5 in Stealth
    30 | D        | Reached XP level 2. HP: 4/13 MP: 7/7
    34 | D        | Learned a level 2 spell: Ensorcelled Hibernation
   255 | D        | Noticed an orc wizard
   255 | D        | Noticed a crimson imp
   257 | D        | Killed an orc wizard
   257 | D        | Reached skill level 6 in Stealth
   257 | D        | Reached XP level 3. HP: 16/16 MP: 7/9
   279 | D        | Reached skill level 5 in Dodging
   279 | D        | Reached skill level 1 in Ice Magic
   477 | D        | Killed a crimson imp
   477 | D        | Reached skill level 7 in Stealth
   477 | D        | Reached skill level 5 in Spellcasting
   477 | D        | Reached XP level 4. HP: 5/21 MP: 4/12
   482 | D        | Learned a level 3 spell: Confuse
   486 | D        | Learned a level 3 spell: Tukima's Dance
   490 | D        | Learned a level 3 spell: Dazzling Spray
   713 | D        | Found a glowing silver altar of Zin.
   713 | D        | Found a glowing golden altar of the Shining One.
   713 | D        | Found an ancient bone altar of Kikubaaqudgha.
   713 | D        | Found a basalt altar of Yredelemnul.
   713 | D        | Found a shimmering altar of Xom.
   713 | D        | Found a radiant altar of Vehumet.
   714 | D        | Found an iron altar of Okawaru.
   715 | D        | Found a burning altar of Makhleb.
   716 | D        | Found a deep blue altar of Sif Muna.
   717 | D        | Found a bloodstained altar of Trog.
   718 | D        | Found a sparkling altar of Nemelex Xobeh.
   719 | D        | Found a white marble altar of Elyvilon.
   720 | D        | Found a roughly hewn altar of Beogh.
   721 | D        | Found a viscous altar of Jiyva.
   722 | D        | Found a corrupted altar of Lugonu.
   723 | D        | Found a blossoming altar of Fedhas.
   724 | D        | Found a snail-covered altar of Cheibriados.
   725 | D        | Found a shadowy altar of Dithmenos.
   726 | D        | Found a stormy altar of Qazlal.
   727 | D        | Found an opulent altar of Gozag.
   728 | D        | Found a sacrificial altar of Ru.
   733 | D        | Became a worshipper of Dithmenos the Shadowed
   764 | D        | Noticed a centaur
   764 | D        | Noticed a troll
   764 | D        | Noticed a hill giant
   764 | D        | Noticed an ogre
   766 | D        | Killed a centaur
   766 | D        | Reached skill level 5 in Short Blades
   766 | D        | Reached skill level 8 in Stealth
   766 | D        | Reached skill level 1 in Conjurations
   766 | D        | Reached skill level 5 in Hexes
   766 | D        | Reached XP level 5. HP: 24/24 MP: 12/14
   773 | D        | Killed a troll
   773 | D        | Reached skill level 9 in Dodging
   773 | D        | Reached skill level 10 in Stealth
   773 | D        | Reached XP level 6. HP: 28/28 MP: 8/17
   775 | D        | Killed a hill giant
   775 | D        | Reached skill level 10 in Dodging
   775 | D        | Reached skill level 11 in Stealth
   775 | D        | Reached XP level 7. HP: 32/32 MP: 7/20
   780 | D        | Killed an ogre
   786 | D        | Acquired Dithmenos's first power
   899 | D        | Noticed a five-headed hydra
   899 | D        | Noticed a green ugly thing
   899 | D        | Noticed a killer bee
   899 | D        | Noticed a hungry ghost
   899 | D        | Noticed a soldier ant
   899 | D        | Noticed a crimson imp
  1122 | D        | Slain by a killer bee

Vault maps used:
D:        linesprint

Action                   |  1- 3 |  4- 6 |  7- 9 || total
-------------------------+-------+-------+-------++-------
Melee: Dagger            |   166 |     6 |    15 ||   187
       Rapier            |       |       |    14 ||    14
 Cast: Ensorcelled Hiber |     6 |     3 |     9 ||    18
       Corona            |     4 |       |       ||     4
       Confuse           |       |       |     2 ||     2
  Use: Potion            |     2 |       |       ||     2
 Stab: Sleeping          |     2 |     3 |     1 ||     6
